 Dungeon Crawl Stone Soup version 0.21.1-1-g345015f (webtiles) character file.

265 Fang the Chopper (level 6, -9/58 HPs)
             Began as a Gargoyle Berserker on May 7, 2018.
             Was a Priest of Trog.
             Mangled by a gnoll
             ... wielding a +0 halberd
              (12 damage)
             ... on level 4 of the Dungeon.
             The game lasted 00:04:02 (2572 turns).

Fang the Chopper (Gargoyle Berserker)               Turns: 2572, Time: 00:04:03

Health: -9/58      AC:  9    Str: 28    XL:     6   Next: 20%
Magic:  6/6        EV: 12    Int:  7    God:    Trog [***...]
Gold:   160        SH:  0    Dex:  9    Spells: 5/5 levels left

rFire    . . .     SeeInvis .   t - +3 quarterstaff (chaos)
rCold    . . .     Gourm    .   (shield currently unavailable)
rNeg     + . .     Faith    .   b - +0 animal skin
rPois    ∞         Spirit   .   (no helmet)
rElec    +         Reflect  .   v - +2 cloak {rPois}
rCorr    .         Harm     .   (no gloves)
MR       .....                  (no boots)
Stlth    ..........             (no amulet)
HPRegen  0.19/turn              (no ring)
MPRegen  0.10/turn              (no ring)

@: berserking, very quick
A: negative energy resistance 1, electricity resistance, unbreathing,
petrification resistance, rot immunity, AC +4
a: Berserk, Trog's Hand, Burn Spellbooks, Renounce Religion


You were on level 4 of the Dungeon.
You worshipped Trog.
Trog was most pleased with you.
You were very hungry.

You visited 1 branch of the dungeon, and saw 4 of its levels.

You collected 160 gold pieces.

Inventory:

Hand Weapons
 a - a +0 hand axe
 t - a +3 quarterstaff of chaos (weapon)
Armour
 b - a +0 animal skin (worn)
 v - a +2 cloak of poison resistance (worn)
Jewellery
 q - a cursed -3 ring of dexterity {unknown}
Scrolls
 f - 4 scrolls of immolation {unknown}
 g - 4 scrolls of identify {unknown}
 h - 2 scrolls of enchant weapon {unknown}
 i - a scroll of enchant armour {unknown}
 l - a scroll of remove curse {unknown}
 n - a scroll of magic mapping {unknown}
 o - a scroll of teleportation {unknown}
 r - a scroll of amnesia {unknown}
 u - a scroll of blinking {unknown}
Potions
 d - a potion of agility {unknown}
 e - 3 potions of curing {unknown}
 j - 3 potions of magic {unknown}
 k - a potion of degeneration {unknown}
 m - a potion of lignification {unknown}
 p - a potion of invisibility {unknown}
 s - a potion of flight {unknown}
 w - a potion of resistance {unknown}
Comestibles
 c - 6 rations


   Skills:
 + Level 4.3 Fighting
 + Level 4.7 Axes
 + Level 1.1 Staves
 + Level 2.5 Armour
 + Level 2.6 Dodging
 + Level 0.4 Stealth


You had 5 spell levels left.
You didn't know any spells.

Dungeon Overview and Level Annotations

Branches:
Dungeon (4/15)
 Temple: D:4-7

Altars:
Gozag
Ru
Xom
The Shining One


Innate Abilities, Weirdness & Mutations

You are resistant to torment.
Your stone body is resilient. (AC +4)
You are immune to poison.
You resist negative energy. (rN+)
You are resistant to electric shocks. (rElec)
You can survive without breathing.
You are immune to petrification.
You are immune to rotting.


Message History

* * * LOW HITPOINT WARNING * * *
The gnoll completely misses you. The gnoll hits you with a halberd.
* * * LOW HITPOINT WARNING * * *
Unknown command.
You sock the frilled lizard!
You kill the frilled lizard!
Trog accepts your kill.
Unknown command.
You closely miss the gnoll. The gnoll barely misses you. x2
Unknown command.
You closely miss the gnoll. The gnoll hits you with a flail.
* * * LOW HITPOINT WARNING * * *
Unknown command.
You barely miss the gnoll. The gnoll closely misses you.
The gnoll barely misses you. x2
Unknown command.
You thump the gnoll!
The gnoll is severely wounded.
The gnoll hits you with a halberd!
You die...

#..###.####.#. .
#....#.##.....#!###(....
..#.............#.......
...(............#......#
......................).
................#.......
....<.†.........#.......
................#g......
...............Z@g$....#
...............$#g......
.....>..........#...)...
..#.............##.##...
..######.(..###.# .# ##
..## #..#.## #.# .# ...#
####.# #$# . ...## ##.#
#.# . .#..## #..#


You could see 3 gnolls and a friendly jackal zombie.

Vanquished Creatures
  A hound (D:4)
  An orc priest (D:3)
  Crazy Yiuf (D:3)
  5 adders
  3 oozes
  2 dart slugs (D:3)
  A worm (D:3)
  3 leopard geckos
  8 orcs (D:3)
  5 giant cockroaches
  7 goblins
  13 hobgoblins
  12 jackals
  A quokka (D:3)
  3 ball pythons
  6 bats
  6 frilled lizards
  14 kobolds
  8 rats
100 creatures vanquished.

Notes
Turn   | Place    | Note
-------+----------+-------------------------------------------
     0 | D:1      | Fang the Gargoyle Berserker began the quest for the Orb.
     0 | D:1      | Reached XP level 1. HP: 14/14 MP: 1/1
    30 | D:1      | Reached XP level 2. HP: 19/19 MP: 2/2
   217 | D:1      | Reached XP level 3. HP: 21/24 MP: 3/3
   769 | D:2      | Reached ** piety under Trog
   882 | D:2      | Found a sacrificial altar of Ru.
   882 | D:2      | Found a glowing golden altar of the Shining One.
   882 | D:2      | Found an opulent altar of Gozag.
   883 | D:2      | Found a shimmering altar of Xom.
   891 | D:2      | Reached XP level 4. HP: 29/29 MP: 4/4
  1623 | D:3      | Reached XP level 5. HP: 26/33 MP: 5/5
  1693 | D:3      | Found a runed door.
  2013 | D:3      | Reached *** piety under Trog
  2111 | D:3      | Found a faded altar of an unknown god.
  2363 | D:3      | Noticed Crazy Yiuf
  2372 | D:3      | Killed Crazy Yiuf
  2478 | D:4      | Reached XP level 6. HP: 24/39 MP: 6/6
  2497 | D:4      | Reached skill level 1 in Staves
  2572 | D:4      | Mangled by a gnoll

Skill      XL: |  1  2  3  4  5  6 |
---------------+-------------------+-----
Axes           | 3 4 |  4.7
Dodging        | 2 |  2.6
Fighting       | 4 |  4.3
Staves         | 1 |  1.1
Armour         | |  2.5
Stealth        | |  0.4

Action                   |  1- 3 |  4- 6 || total
-------------------------+-------+-------++-------
Melee: Hand axe          |   107 |   129 ||   236
       Quarterstaff      |       |    39 ||    39
Invok: Berserk           |       |     4 ||     4
       Burn Spellbooks   |       |     1 ||     1
  Eat: Chunk             |       |     8 ||     8
Armor: Animal skin       |    52 |    84 ||   136
Dodge: Dodged            |    82 |   159 ||   241
